 Dungeon Sprint DCSS version 0.19-a0-406-ge21436e (webtiles) character file.

178 Groucho the Nimble (level 5, 0/25 HPs)
             Began as a Spriggan Skald on May 31, 2016.
             Was a Believer of Uskayaw.
             Slain by an orc warrior
             ... wielding a +0 short sword
              (12 damage)
             ... in the Dungeon (Sprint IX: "|||||||||||||||||||||||||||||").
             The game lasted 00:02:37 (741 turns).

Groucho the Nimble (Spriggan Skald)                  Turns: 741, Time: 00:02:37

Health: 0/25       AC:  5    Str:  8    XL:     5   Next: 32%
Magic:  9/13       EV: 24    Int: 16    God:    Uskayaw [**....]
Gold:   0          SH:  0    Dex: 17    Spells: 4 memorised, 6 levels left

rFire  . . .     SeeInvis +     o - +2 rapier (distort)
rCold  . . .     Gourm    .     b - +0 robe
rNeg   . . .     Faith    .     (shield restricted)
rPois  .         Spirit   .     (helmet restricted)
rElec  .         Dismiss  .     p - +0 cloak
rCorr  .         Reflect  .     (gloves unavailable)
SustAt .         Harm     .     (boots unavailable)
MR     .....     NoTele   +     (no amulet)
Stlth  ++........               r - +3 ring of intelligence
                                q - +2 ring of protection

@: very slightly contaminated, hasted, very quick, not resistant to hostile
enchantments, unstealthy
A: unfitting armour, see invisible, herbivore 3, speed 3, slow metabolism 2
a: Stomp, Line Pass, Renounce Religion


You were in the Dungeon.
You worshipped Uskayaw.
Uskayaw was pleased with you.
You were not hungry.

You visited 1 branch

Inventory:

Hand Weapons
 a - a +0 short sword
 o - a +2 rapier of distortion (weapon)
Armour
 b - a +0 robe (worn)
 p - a +0 cloak (worn)
Jewellery
 q - a +2 ring of protection (left hand)
 r - a +3 ring of intelligence (right hand)
Wands
 n - a wand of acid (7/15)
Scrolls
 j - 2 scrolls of blinking
 l - 3 scrolls of remove curse
 m - 2 scrolls of amnesia
Potions
 e - a potion of invisibility
 f - 3 potions of heal wounds
 h - 4 potions of magic
 i - a potion of berserk rage
 k - 4 potions of curing
Books
 c - a book of Battle

   Spells                             Type                      Level
   a - Infusion                       Charms                       1
   b - Shroud of Golubria             Charms/Translocation         2
   c - Song of Slaying                Charms                       2
   d - Spectral Weapon                Hexes/Charms                 3
   e - Regeneration                   Charms/Necromancy            3
Comestibles
 d - a bread ration


   Skills:
 - Level 1.5 Fighting
 - Level 3.2 Short Blades
 - Level 9.0 Dodging
 - Level 5.2 Spellcasting
 - Level 7.1 Charms
 * Level 6.7 Invocations


You had 6 spell levels left.
You knew the following spells:

 Your Spells              Type           Power        Failure   Level  Hunger
a - Infusion              Chrm           ####         1%          1    None
b - Song of Slaying       Chrm           ####....     1%          2    #......
c - Shroud of Golubria    Chrm/Tloc      ###.......   8%          2    #......
d - Regeneration          Chrm/Necr      ###.......   12%         3    ###....


Dungeon Overview and Level Annotations

Branches:
Dungeon (1/1)

Altars:
Cheibriados
Dithmenos
Elyvilon
Fedhas
Gozag
Hepliaklqana
Kikubaaqudgha
Makhleb
Nemelex Xobeh
Okawaru
Pakellas
Qazlal
Ru
Sif Muna
Trog
Uskayaw
Vehumet
Xom
Yredelemnul
Zin
The Shining One
Beogh
Jiyva
Lugonu


Innate Abilities, Weirdness & Mutations

You are tiny and cannot use many weapons and most armour.
You have supernaturally acute eyesight. (SInv)
You are a herbivore.
You cover ground extremely quickly.
You need consume almost no food.


Message History

Press: ? - help, Dir - move target cursor The orc warrior appears confused.
The wyvern appears confused.
You feel somewhat more hungry.
You can no longer pass through a line of other dancers.
The wyvern misses you.
Unknown command.
You strike the helpless wyvern from behind!
You hit the wyvern.
Space warps horribly around the wyvern!
The wyvern is severely wounded.
You can now pass through a line of other dancers.
The wyvern completely misses you.
Unknown command.
You hit the wyvern.
The wyvern is almost dead.
The wyvern disappears!
The orc warrior hits the hill giant with a short sword.
Unknown command.
The orc warrior seems less confused.
The orc warrior hits you with a short sword!
You die... ▓▓▓▓▓▓▓▓▓▓▓▓▓▓▓▓▓▓▓▓▓ ___'..|).[[..'Co@...+ ▓▓▓▓▓▓▓▓▓▓▓▓▓▓▓▓▓▓▓▓▓

You could see a hill giant and an orc warrior.

Vanquished Creatures
  An orc warrior (D)
  2 hounds (D)
  An adder zombie (D)
  2 giant cockroaches (D)
  A hobgoblin (D)
  2 kobolds (D)
  A quokka zombie (D)
10 creatures vanquished.

Vanquished Creatures (others)
  A crimson imp (D)
1 creature vanquished.

Grand Total: 11 creatures vanquished

Notes
Turn   | Place    | Note
--------------------------------------------------------------
     0 | D        | Groucho the Spriggan Skald began the quest for the Orb.
     0 | D        | Reached XP level 1. HP: 10/10 MP: 5/5
     6 | D        | Reached skill level 3 in Dodging
    11 | D        | Reached skill level 4 in Dodging
   127 | D        | Noticed a hound
   127 | D        | Noticed a hound
   127 | D        | Noticed a crimson imp
   131 | D        | Reached XP level 2. HP: 12/14 MP: 6/6
   140 | D        | Reached skill level 7 in Dodging
   140 | D        | Reached skill level 5 in Charms
   140 | D        | Reached XP level 3. HP: 12/18 MP: 6/9
   163 | D        | Reached skill level 8 in Dodging
   163 | D        | Reached XP level 4. HP: 6/22 MP: 3/11
   172 | D        | Found a glowing silver altar of Zin.
   172 | D        | Found a glowing golden altar of the Shining One.
   172 | D        | Found an ancient bone altar of Kikubaaqudgha.
   172 | D        | Found a basalt altar of Yredelemnul.
   172 | D        | Found a shimmering altar of Xom.
   172 | D        | Found a radiant altar of Vehumet.
   173 | D        | Found an iron altar of Okawaru.
   174 | D        | Found a burning altar of Makhleb.
   175 | D        | Found a deep blue altar of Sif Muna.
   176 | D        | Found a bloodstained altar of Trog.
   177 | D        | Found a sparkling altar of Nemelex Xobeh.
   178 | D        | Found a white marble altar of Elyvilon.
   179 | D        | Found a roughly hewn altar of Beogh.
   180 | D        | Found a viscous altar of Jiyva.
   181 | D        | Found a corrupted altar of Lugonu.
   182 | D        | Found a blossoming altar of Fedhas.
   183 | D        | Found a snail-covered altar of Cheibriados.
   184 | D        | Found a shadowy altar of Dithmenos.
   185 | D        | Found a stormy altar of Qazlal.
   186 | D        | Found an opulent altar of Gozag.
   187 | D        | Found a sacrificial altar of Ru.
   188 | D        | Found an oddly glowing altar of Pakellas.
   189 | D        | Found a hide-covered altar of Uskayaw.
   190 | D        | Found a hazy altar of Hepliaklqana.
   197 | D        | Became a worshipper of Uskayaw the Reveler
   234 | D        | Reached skill level 9 in Dodging
   234 | D        | Reached skill level 5 in Spellcasting
   610 | D        | Learned a level 2 spell: Song of Slaying
   613 | D        | Learned a level 2 spell: Shroud of Golubria
   617 | D        | Learned a level 3 spell: Regeneration
   718 | D        | Noticed a phantom
   718 | D        | Noticed a big kobold
   718 | D        | Noticed an orc warrior
   718 | D        | Noticed an orc warrior
   718 | D        | Noticed a hill giant
   718 | D        | Noticed a wyvern
   726 | D        | Reached * piety under Uskayaw
   728 | D        | Reached ** piety under Uskayaw
   735 | D        | Killed an orc warrior
   735 | D        | Reached XP level 5. HP: 23/25 MP: 13/13
   741 | D        | Slain by an orc warrior

Vault maps used:
D:        linesprint

Skill      XL: |  1  2  3  4 |
---------------+-------------+-----
Dodging        | 4 7 8 9 |  9.0
Short Blades   | 3 |  3.2
Spellcasting   | 4 5 |  5.2
Charms         | 5 6 7 |  7.1
Invocations    | 6 |  6.7
Fighting       | |  1.5

Action                   |  1- 3 |  4- 6 || total
-------------------------+-------+-------++-------
Melee: Short sword       |    51 |       ||    51
       Rapier            |       |    18 ||    18
 Cast: Infusion          |     1 |       ||     1
Invok: Line Pass         |       |     1 ||     1
  Use: Potion            |     1 |     1 ||     2
 Stab: Distracted        |     1 |       ||     1
       Confused          |       |     1 ||     1
Armor: Robe              |     2 |       ||     2
Dodge: Dodged            |    51 |    13 ||    64
